AoeStats
← OMEN 7776698

Arabia

510166453Analyzed
2v2 RM · 2d ago on Sep 29, 2026· 68m 18s· 4 players
Game mode
Random Map
Map size
Medium (4 player)
Population
200
Speed
Normal
Resources
Standard
Victory
Conquest
Starting age
Dark Age
Ending age
Imperial Age
RankedLock teamsTeams togetherTeam positionsShared explorationLock speedFull tech treeHidden civsTurbo modeCheats
Victory
Defeat
🇮🇹 Danes · Italy
781
+13
🇳🇴 Tatars · Norway
590
+22
🇳🇱 Teutons · Netherlands
732
-18
🇳🇱 Huns · Netherlands
699
-22
minatobia
10:49 Feudal Age
9:07 Loom
11:44 Double-Bit Axe
15:37 Forging
17:13 Horse Collar
20:40 Castle Age
19:37 Stone Mining
19:40 Gold Mining
19:49 Arson
20:07 Scale Mail Armor
20:09 Padded Archer Armor
20:18 Fletching
21:13 Bloodlines
24:09 Wheelbarrow
24:14 Gold Shaft Mining
23:53 Bow Saw
23:51 Squires
23:37 Gambesons
25:56 Leather Archer Armor
30:23 Heavy Plow
31:00 Stone Shaft Mining
31:33 Chain Mail Armor
36:27 Imperial Age
34:16 Hand Cart
36:00 Hamask
38:20 Iron Casting
38:15 Plate Mail Armor
37:56 Elite Skirmisher
39:06 Conscription
38:44 Capped Ram
38:47 Onager
38:59 Pikeman
39:51 Thumb Ring
41:31 Blast Furnace
40:31 Halberdier
40:36 Elite Varangian Guard
41:32 Halberdier
43:27 Chemistry
47:16 Siege Onager
49:01 Ballistics
48:48 Siege Engineers
48:39 Murder Holes
49:20 Elite Jomsviking
53:27 Siege Ram
55:21 Northmen's Fury
OMEN 7776698
0:58 Loom
11:30 Feudal Age
12:20 Double-Bit Axe
13:13 Wheelbarrow
15:29 Town Watch
18:18 Horse Collar
21:49 Castle Age
20:27 Gold Mining
22:38 Stone Mining
23:43 Bow Saw
23:59 Hand Cart
23:48 Heavy Plow
26:55 Gold Shaft Mining
28:22 Padded Archer Armor
28:13 Fletching
29:46 Leather Archer Armor
30:36 Bodkin Arrow
31:40 Town Patrol
38:10 Imperial Age
41:43 Bracer
42:14 Ring Archer Armor
43:29 Silk Armor
43:50 Conscription
45:22 Crop Rotation
46:24 Ballistics
47:04 Chemistry
45:55 Heated Shot
45:57 Guard Tower
49:24 Fervor
49:30 Block Printing
49:10 Heavy Cavalry Archer
50:22 Guilds
51:04 Husbandry
51:15 Bloodlines
67:25 Siege Engineers
67:14 Guard Tower
pedram_gm
13:09 Feudal Age
14:29 Horse Collar
14:39 Double-Bit Axe
16:21 Gold Mining
21:24 Castle Age
20:38 Wheelbarrow
19:51 Town Watch
24:27 Town Patrol
24:33 Town Patrol
24:35 Fletching
24:45 Padded Archer Armor
27:18 Husbandry
32:36 Hand Cart
33:18 Caravan
34:06 Bodkin Arrow
34:12 Padded Archer Armor
36:19 Thumb Ring
39:11 Elite Skirmisher
42:03 Scale Barding Armor
45:27 Ballistics
45:30 Chain Barding Armor
45:26 Leather Archer Armor
45:22 Forging
47:49 Imperial Age
50:20 Chemistry
51:52 Cavalier
53:54 Masonry
54:37 Bloodlines
53:47 Light Cavalry
hasse.bie
12:57 Feudal Age
11:15 Loom
13:39 Horse Collar
13:46 Double-Bit Axe
15:09 Man-at-Arms
21:05 Castle Age
20:03 Arson
20:44 Forging
20:36 Scale Mail Armor
22:16 Heavy Plow
23:08 Long Swordsman
25:30 Squires
25:04 Pikeman
32:00 Imperial Age
29:42 Gold Mining
30:24 Town Watch
33:15 Conscription
35:59 Guard Tower
35:57 Arrowslits
37:12 Chemistry
35:45 Cavalier
36:41 Bow Saw
37:07 Elite Skirmisher
39:31 Iron Casting
39:11 Chain Mail Armor
39:01 Scale Barding Armor
38:47 Fletching
39:59 Crenellations
42:47 Paladin
46:38 Crop Rotation
46:16 Capped Ram
51:20 Blast Furnace
50:51 Plate Mail Armor
50:41 Chain Barding Armor
50:22 Padded Archer Armor
56:28 Chain Barding Armor
56:24 Leather Archer Armor
56:04 Bodkin Arrow
56:12 Caravan
58:43 Keep
58:29 Bombard Tower
58:29 Ballistics
62:27 Plate Barding Armor
62:22 Ring Archer Armor
62:06 Town Patrol
62:42 Wheelbarrow
Connection lost

Rejoining the realm…

Still unreachable

The connection could not be restored.

Session expired

The server has moved on; the page needs a fresh start.